 Dungeon Crawl Stone Soup version 0.27-a0-1595-g0b823d0a13 (webtiles) character file.

Game seed: 2352394560949814242

36421 gruber the Frost Mage (level 13, -2/86 HPs)
             Began as an Octopode Venom Mage on July 20, 2021.
             Was a High Priest of Vehumet.
             Slain by a fire crab (14 damage)
             ... in a Gauntlet.
             The game lasted 00:37:54 (19249 turns).

gruber the Frost Mage (Octopode Venom Mage)        Turns: 19249, Time: 00:37:55

Health: -2/86      AC:  9    Str:  9    XL:     13   Next: 90%
Magic:  4/25       EV: 17    Int: 34    God:    Vehumet [*****.]
Gold:   929        SH:  0    Dex: 24    Spells: 3/28 levels left

rFire    . . .     SeeInvis +   a - +2 falchion (venom)
rCold    + . .     Faith    .   (no shield)
rNeg     . . .     Spirit   .   N - +0 hat {SInv}
rPois    .         Reflect  .   h - amulet of regeneration
rElec    .         Harm     .   e - +4 ring of protection
rCorr    .         Rampage  .   j - ring of protection from cold
Will     .....     NoTele   +   o - +6 ring of dexterity
Stlth    +++++++...             O - +6 ring of intelligence
HPRegen  1.24/turn              Z - ring of Linearity {AC+4 Str+2 Dex+2}
MPRegen  0.19/turn              H - ring "Otzim" {Int+6 Dex+3 Stlth+}
                                (no ring)
                                (no ring)

@: no status effects
A: almost no armour, amphibious, 8 rings, camouflage 1, gelatinous body 1,
(nimble swimmer 1), tentacles
a: Renounce Religion


You were in a Gauntlet.
You worshipped Vehumet.
Vehumet was extremely pleased with you.
You visited 3 branches of the dungeon, and saw 18 of its levels.
You also visited: Gauntlet.

You collected 929 gold pieces.

Inventory:

Hand Weapons
 a - a +2 falchion of venom (weapon)
 v - a +1 whip of flaming
 z - a +2 vampiric dagger
 X - a +4 scimitar of flaming
Missiles
 n - 8 throwing nets
 E - a curare-tipped dart
 V - 7 atropa-tipped darts
Armour
 N - a +0 hat of see invisible (worn)
Jewellery
 e - a +4 ring of protection (left tentacle)
 h - an amulet of regeneration (around mantle)
 j - a ring of protection from cold (right tentacle)
 o - a +6 ring of dexterity (on tentacle)
 A - an amulet of guardian spirit
 H - the ring "Otzim" (on tentacle) {Int+6 Dex+3 Stlth+}
   (You found it in a Gauntlet)

   [ring of intelligence]

   Int:       It affects your intelligence (+6).
   Dex:       It affects your dexterity (+3).
   Stlth:     It makes you more stealthy.
 O - a +6 ring of intelligence (on tentacle)
 U - a ring of ice
 Z - the ring of Linearity (on tentacle) {AC+4 Str+2 Dex+2}
   (You found it in a Gauntlet)

   [ring of protection]

   AC:        It affects your AC (+4).
   Str:       It affects your strength (+2).
   Dex:       It affects your dexterity (+2).
Wands
 l - a wand of charming (2)
 r - a wand of digging (7)
 t - a wand of iceblast (34)
 y - a wand of mindburst (17)
 F - a wand of paralysis (4)
 M - a wand of polymorph (5)
 S - a wand of flame (42)
Scrolls
 c - a scroll of acquirement {unknown}
 f - a scroll of summoning {unknown}
 g - 2 scrolls of immolation {unknown}
 k - 3 scrolls of torment {unknown}
 p - 2 scrolls of enchant armour {unknown}
 s - a scroll of silence {unknown}
 w - 2 scrolls of amnesia {unknown}
 x - 4 scrolls of teleportation
 B - 2 scrolls of magic mapping {unknown}
 C - a scroll of noise {unknown}
 D - a scroll of brand weapon {unknown}
 K - 4 scrolls of identify
 L - a scroll of fear {unknown}
 W - a scroll of blinking {unknown}
 Y - a scroll of fog {unknown}
Potions
 b - 4 potions of haste
 d - 5 potions of curing
 i - 4 potions of ambrosia
 m - a potion of heal wounds
 q - a potion of resistance
 u - a potion of cancellation
 G - a potion of attraction {unknown}
 I - 2 potions of magic {unknown}
 J - 2 potions of lignification {unknown}
 P - a potion of flight {unknown}
 Q - 2 potions of berserk rage {unknown}
 R - a potion of might {unknown}
 T - a potion of mutation {unknown}


   Skills:
 - Level 7.0 Fighting
 - Level 1.7 Short Blades
 - Level 5.3 Dodging
 - Level 10.2 Stealth
 - Level 8.0 Spellcasting
 - Level 1.0 Transmutations
 - Level 10.1 Fire Magic
 + Level 11.9 Ice Magic
 - Level 9.1 Air Magic
 - Level 8.1 Poison Magic


You had 3 spell levels left.
You knew the following spells:

 Your Spells              Type           Power      Damage    Failure   Level
a - Sting                 Tmut/Pois      100%       1d8       1%          1
b - Poisonous Vapours     Pois/Air       100%       N/A       1%          2
c - Olgreb's Toxic Radia  Pois           62%        N/A       1%          4
d - Mephitic Cloud        Conj/Pois/Air  52%        N/A       1%          3
e - Sublimation of Blood  Necr           6%         N/A       4%          2
f - Foxfire               Conj/Fire      100%       2x1d9     1%          1
g - Ignite Poison         Fire/Tmut/Pois 55%        N/A       1%          3
h - Freezing Cloud        Conj/Ice/Air   28%        6-21      1%          5
i - Airstrike             Air            33%        N/A       1%          4

Your spell library contained the following spells:

 Spells                   Type           Power      Damage    Failure   Level
 Fulminant Prism          Conj/Hex       6%         3d7       9%          4
 Sandblast                Erth           26%        2d8       1%          1
 Passwall                 Tmut/Erth      14%        N/A       4%          2
 Gell's Gravitas          Tloc           6%         N/A       10%         3
 Lesser Beckoning         Tloc           6%         N/A       10%         3
 Teleport Other           Tloc           13%        N/A       10%         3
 Irradiate                Conj/Tmut      8%         3d16      19%         5
 Lee's Rapid Deconstruct  Erth           6%         3d7*      22%         5
 Petrify                  Tmut/Erth      17%        N/A       26%         4
 Simulacrum               Ice/Necr       26%        N/A       41%         6
 Polar Vortex             Ice            38%        N/A       99%         9


Dungeon Overview and Level Annotations

Branches:
Dungeon (12/15)            Temple (1/1) D:4            Lair (5/6) D:10
  Swamp (0/4) Lair:2       Spider (0/4) Lair:2          Orc (0/2) D:10
Gauntlet (1/1)
  Slime: Lair:5-6

Altars:
Ashenzari
Cheibriados
Dithmenos
Elyvilon
Fedhas
Gozag
Hepliaklqana
Kikubaaqudgha
Makhleb
Nemelex Xobeh
Okawaru
Qazlal
Ru
Sif Muna
Trog
Uskayaw
Vehumet
Wu Jian
Xom
Yredelemnul
Zin
The Shining One

Shops:
D:8 (*=?!

Annotations:
D:6 2 runed translucent doors, asdu's ghost, amateur SpEn
D:10 3 runed translucent doors, ramir17's ghost, novice DDEE Gauntlet 9 transporters


Innate Abilities, Weirdness & Mutations

You cannot wear most types of armour.
You are amphibious.
You can wear up to eight rings at the same time.
Your skin changes colour to match your surroundings (Stealth+).
Your rubbery body absorbs attacks. (AC +1, EV +1)
((You are camouflaged near water. (Stealth+)))
You have tentacles for arms and can constrict up to eight enemies at once.


Message History

Vehumet accepts your kill.
You feel your power returning.
The fire crab is engulfed in freezing vapours.
Unknown command.
Unknown command.
Unknown command.
Okay, then.
Aiming: Mindburst
Press: ? - help, Shift-Dir - straight line, f/p - fire crab
Aim: a fire crab (flame, heavily wounded, chance to affect: 48%)
The fire crab's mind is blasted!
The fire crab barely misses you. The fire crab misses you.
Unknown command.
Unknown command.
Aiming: Mindburst
Press: ? - help, Shift-Dir - straight line, f/p - fire crab
Aim: a fire crab (almost dead, chance to affect: 48%)
The fire crab resists with some effort.
The fire crab breathes flames at you. The blast of flame misses you.
Unknown command.
Unknown command.
Unknown command.
Aiming: Mindburst
Press: ? - help, Shift-Dir - straight line, f/p - fire crab
Aim: a fire crab (flame, almost dead, chance to affect: 48%)
The fire crab resists with some effort.
You are engulfed in blazing flames.
The fire crab completely misses you. The fire crab closely misses you.
Unknown command.
Unknown command.
Unknown command.
Aiming: Mindburst
Press: ? - help, Shift-Dir - straight line, f/p - fire crab
Aim: a fire crab (flame, almost dead, chance to affect: 48%)
The fire crab resists with some effort.
You are engulfed in blazing flames.
* * * LOW HITPOINT WARNING * * *
The fire crab closely misses you. The fire crab claws you!
* * * LOW HITPOINT WARNING * * *
You are engulfed in flames!
You die...

........≈∩≈............≈#
........................#
########...###########..###
.!©(..##...#..[=©$...#..#8#
.....#w#...#.##b..##.#..###
#...#..#...#§#.###.#.#..#
^#.#^..#...#§§##§##§§#..###
.^#^...#...#§§§t§○§§§#..#8#
.#©#^..#...#..##@##..#..###
#...#..#...#.#.###.#.#..#
.....#.#...#.##...##.#..###
...ww.##...#........h#..#8#
########...###########..###
.........≈....#.©.#.....#
........≈8§...#...#.8...###
.........§....#.©.#.....#8#
########...###########..###


You could see a fire crab and a fire bat.

Vanquished Creatures
  Snorg (Lair:3)
  A boulder beetle (D:11)
  6 hydras
  Fannar (Lair:3)
  A two-headed ogre (D:10)
  Pikel (D:6)
  An oklob plant (Lair:2)
  An ugly thing (D:12)
  2 cyclopes (D:11)
  11 elephants
  2 centaur zombies
  Maurice (D:11)
  3 black mambas
  Joseph (Lair:1)
  5 cane toads
  A gargoyle (D:9)
  An unseen horror (D:6)
  An efreet (Gauntlet)
  5 komodo dragons
  A rime drake (Lair:3)
  A kobold demonologist (D:11)
  A queen bee (Lair:3)
  4 trolls
  A hornet (D:6)
  8 blink frogs
  2 wraiths
  2 shadows
  3 fire elementals (Gauntlet)
  2 fire bats (Gauntlet)
  4 wyverns
  27 yaks
  Grum (D:10)
  A basilisk (Lair:4)
  Edmund (D:6)
  2 acid dragons
  15 water moccasins
  5 hell hounds (Gauntlet)
  An ice beast (D:8)
  8 orc warriors
  A necrophage (D:7)
  7 wolves
  5 centaurs
  An ogre (D:5)
  A lemure (D:6)
  2 kobold brigands
  2 scorpions
  2 gnoll sergeants (D:10)
  17 bullfrogs
  2 water moccasin zombies
  23 killer bees (Lair:3)
  2 howler monkeys (D:9)
  2 bullfrog zombies (D:5)
  10 hounds
  3 gnoll shamans
  2 jellies
  2 centaur skeletons
  7 orc priests
  10 iguanas
  Ijyb (D:3)
  7 orc wizards
  A killer bee zombie (D:4)
  2 hound skeletons
  2 howler monkey zombies
  20 gnolls
  9 adders
  A howler monkey skeleton (D:6)
  A shadow imp (D:6)
  A white imp (D:6)
  3 ufetubi
  2 worms
  5 dart slugs
  36 orcs
  4 ball pythons
  4 bats
  5 endoplasms
  A giant cockroach (D:2)
  7 goblins
  8 hobgoblins
  15 jackals
  4 quokkas
  5 frilled lizards
  6 kobolds
  6 rats
393 creatures vanquished.

Vanquished Creatures (collateral kills)
  6 foxfires
6 creatures vanquished.

Vanquished Creatures (others)
  401 foxfires
  21 fungi
  43 plants
465 creatures vanquished.

Grand Total: 864 creatures vanquished

Notes
Turn   | Place    | Note
-------+----------+-------------------------------------------
     0 | D:1      | gruber the Octopode Venom Mage began the quest for the Orb.
     0 | D:1      | Reached XP level 1. HP: 11/11 MP: 3/3
    89 | D:1      | Reached XP level 2. HP: 14/17 MP: 3/5
   508 | D:1      | Reached skill level 5 in Poison Magic
   508 | D:1      | Reached XP level 3. HP: 19/21 MP: 6/6
   520 | D:1      | Learned a level 2 spell: Poisonous Vapours
  1322 | D:2      | Found a faded altar of an unknown god.
  1365 | D:2      | Reached XP level 4. HP: 27/27 MP: 4/7
  1370 | D:2      | Learned a level 4 spell: Olgreb's Toxic Radiance
  2362 | D:3      | Noticed Ijyb
  2376 | D:3      | Killed Ijyb
  2377 | D:3      | Reached XP level 5. HP: 31/31 MP: 2/8
  2746 | D:3      | Reached skill level 1 in Short Blades
  3254 | D:4      | Reached XP level 6. HP: 35/36 MP: 2/9
  3461 | D:4      | Found a staircase to the Ecumenical Temple.
  3468 | Temple   | Entered the Ecumenical Temple
  3651 | Temple   | Became a worshipper of Vehumet
  4082 | D:4      | Noticed a water moccasin
  4104 | D:4      | Killed a water moccasin
  4105 | D:4      | Reached XP level 7. HP: 12/41 MP: 2/12
  4418 | D:4      | Learned a level 3 spell: Mephitic Cloud
  4421 | D:4      | Learned a level 2 spell: Sublimation of Blood
  4422 | D:5      | Entered Level 5 of the Dungeon
  4825 | D:5      | Reached skill level 5 in Spellcasting
  5069 | D:5      | Reached * piety under Vehumet
  5069 | D:5      | Offered knowledge of Shock by Vehumet.
  5080 | D:5      | Reached skill level 1 in Fighting
  5115 | D:5      | Reached XP level 8. HP: 51/51 MP: 0/15
  5393 | D:6      | Noticed a hornet
  5399 | D:6      | Killed a hornet
  5665 | D:5      | Reached skill level 5 in Fighting
  5938 | D:6      | Killed an unseen horror
  6116 | D:6      | Noticed Pikel
  6129 | D:6      | Killed Pikel
  6130 | D:6      | Reached XP level 9. HP: 51/61 MP: 3/16
  6344 | D:6      | Found a large runed translucent door.
  6345 | D:6      | Found a large runed translucent door.
  6348 | D:6      | Noticed asdu's ghost (amateur SpEn)
  6534 | D:6      | Reached skill level 10 in Stealth
  6723 | D:6      | Noticed Edmund
  6751 | D:6      | Killed Edmund
  7044 | D:6      | Reached skill level 5 in Dodging
  7072 | D:6      | Reached ** piety under Vehumet
  7072 | D:6      | Offered knowledge of Foxfire by Vehumet.
  7075 | D:6      | Learned a level 1 spell: Foxfire
  7144 | D:6      | Reached skill level 1 in Fire Magic
  8066 | D:7      | Reached XP level 10. HP: 54/66 MP: 6/17
  8070 | D:7      | Reached skill level 5 in Fire Magic
  8338 | D:8      | Found Kikeonne's Distillery.
  8372 | D:8      | Found a bloodstained altar of Trog.
  8412 | D:8      | Found Peno's Jewellery Shoppe.
  8428 | D:8      | Found Bekkin's Weapon Shop.
  8505 | D:8      | Found Gatul's Assorted Antiques.
  8762 | D:8      | Found Tuezxisyf's Magic Scroll Shoppe.
  9256 | D:9      | Offered knowledge of Conjure Flame by Vehumet.
  9579 | D:10     | Entered Level 10 of the Dungeon
  9700 | D:10     | Found a broken altar of Ashenzari.
  9822 | D:10     | Found a staircase to the Lair.
  9835 | D:10     | Reached *** piety under Vehumet
  9987 | D:10     | Noticed a gargoyle
 10040 | D:10     | Noticed a two-headed ogre
 10108 | D:9      | Killed a gargoyle
 10327 | D:9      | Reached skill level 10 in Fire Magic
 10327 | D:9      | Reached XP level 11. HP: 64/71 MP: 11/18
 10465 | D:10     | Killed a two-headed ogre
 10589 | D:10     | Offered knowledge of Ignite Poison by Vehumet.
 10754 | D:10     | Learned a level 3 spell: Ignite Poison
 10842 | D:10     | Noticed Grum
 10849 | D:10     | Killed Grum
 10855 | D:10     | Reached **** piety under Vehumet
 10998 | D:10     | Found an ancient bone altar of Kikubaaqudgha.
 11021 | D:10     | Found a runed translucent gate.
 11021 | D:10     | Found a runed translucent gate.
 11022 | D:10     | Found a runed translucent gate.
 11022 | D:10     | Noticed ramir17's ghost (novice DDEE)
 11248 | D:10     | Found a staircase to the Orcish Mines.
 11358 | D:10     | Found a sacrificial altar of Ru.
 11889 | D:11     | Noticed Maurice
 11894 | D:11     | Killed Maurice
 12002 | D:11     | Noticed a cyclops
 12007 | D:11     | Killed a cyclops
 12303 | D:11     | Noticed a boulder beetle
 12309 | D:11     | Killed a boulder beetle
 12725 | D:11     | Learned a level 5 spell: Freezing Cloud
 12842 | D:11     | Reached skill level 1 in Ice Magic
 13042 | D:11     | Noticed a cyclops
 13046 | D:11     | Killed a cyclops
 13047 | D:11     | Reached skill level 2 in Ice Magic
 13113 | D:11     | Noticed a skeletal warrior
 13113 | D:11     | Noticed a skeletal warrior
 13113 | D:11     | Noticed a skeletal warrior
 13113 | D:11     | Noticed a skeletal warrior
 13199 | D:11     | Reached skill level 3 in Ice Magic
 13525 | D:12     | Noticed a white ugly thing
 13529 | D:12     | Killed a white ugly thing
 13530 | D:12     | Reached skill level 4 in Ice Magic
 13530 | D:12     | Reached XP level 12. HP: 81/81 MP: 16/24
 13571 | D:12     | Noticed a seven-headed hydra
 13668 | Lair:1   | Entered Level 1 of the Lair of Beasts
 13674 | Lair:1   | Offered knowledge of Airstrike by Vehumet.
 13705 | Lair:1   | Learned a level 4 spell: Airstrike
 13766 | Lair:1   | Reached skill level 1 in Air Magic
 13767 | Lair:1   | Reached skill level 5 in Ice Magic
 13792 | Lair:1   | Noticed Joseph
 14173 | Lair:1   | Killed Joseph
 14626 | Lair:1   | You fall into a shaft and drop 1 floor!
 14638 | Lair:2   | Reached skill level 6 in Ice Magic
 14782 | Lair:2   | Reached skill level 5 in Air Magic
 14886 | Lair:2   | Noticed a six-headed hydra
 14893 | Lair:2   | Killed a six-headed hydra
 14960 | Lair:2   | Found a hole to the Spider Nest.
 15271 | Lair:2   | Noticed a six-headed hydra
 15273 | Lair:2   | Found a staircase to the Swamp.
 15288 | Lair:2   | Reached skill level 7 in Ice Magic
 15298 | Lair:2   | Killed a six-headed hydra
 15509 | Lair:2   | Reached ***** piety under Vehumet
 15509 | Lair:2   | Offered knowledge of Fulminant Prism by Vehumet.
 16409 | Lair:3   | Noticed Fannar
 16413 | Lair:3   | Killed Fannar
 16414 | Lair:3   | Reached skill level 8 in Ice Magic
 16508 | Lair:3   | Noticed an eight-headed hydra
 16516 | Lair:3   | Killed an eight-headed hydra
 16517 | Lair:3   | Reached XP level 13. HP: 86/86 MP: 5/25
 16717 | Lair:3   | Reached skill level 9 in Ice Magic
 16812 | Lair:3   | Noticed Snorg
 16825 | Lair:3   | Killed Snorg
 17897 | Lair:4   | Reached skill level 10 in Ice Magic
 18237 | Lair:4   | Reached skill level 11 in Ice Magic
 18701 | Lair:5   | Found a gate leading to a gauntlet.
 18714 | Gauntlet | Entered a Gauntlet
 18714 | Gauntlet | Found a transporter.
 18714 | Gauntlet | Found a transporter.
 18714 | Gauntlet | Found a transporter.
 18714 | Gauntlet | Found a transporter.
 18798 | Gauntlet | Found a transporter.
 18808 | Gauntlet | Found a transporter.
 18824 | Gauntlet | Found a transporter.
 18834 | Gauntlet | Found a transporter.
 18849 | Gauntlet | Found a transporter.
 18855 | Gauntlet | Found a transporter.
 18869 | Gauntlet | Found a transporter.
 18888 | Gauntlet | Found a transporter.
 19189 | Gauntlet | Identified the ring of Linearity {AC+4 Str+2 Dex+2}
 19192 | Gauntlet | Identified the ring "Otzim" {Int+6 Dex+3 Stlth+}
 19249 | Gauntlet | Slain by a fire crab

Illustrated notes

Levels and vault maps discovered:
D:1:      dpeg_arrival_tiny_f, layout_rooms
D:2:      layout_rooms, basic_ecumenical_altar
D:3:      layout_basic, uniq_ijyb
D:4:      layout_cave_pools, minmay_temple_entry_ruins
D:5:      layout_cave_pods
D:6:      layout_loops_ring, ebering_ghost_disaster_area,
          kennysheep_opposing_triangles, uniq_pikel, uniq_edmund
D:7:      layout_basic, chequers_serial_rivers_large_a
D:8:      layout_loops_ring, kennysheep_little_box, serial_shops, shop, shop,
          shop, shop, shop_fountains
D:9:      layout_basic
D:10:     layout_cave_pools, mainiacjoe_overflow_alcove_1,
          nicolae_ru_awakened_eye, cheibrodos_ashenzari_chains,
          minmay_lair_entry_grove, david_orc_4, gammafunk_ghost_nasty_kobolds,
          serial_gnoll_camp, gnoll_camp_mini_sergeant, grums_kennel,
          gnoll_camp_medium_02, gnoll_camp_mini_basic
D:11:     layout_stronghold, uniq_maurice
D:12:     layout_cave_pools, lemuel_flamethrower_2
Temple:   eino_narrow_crystal_temple
Lair:1:   layout_small_grid, grunt_megastairs_4, uniq_joseph
Lair:2:   layout_layer_cave, minmay_swamp_entry_reptiles,
          spider_nest_entry_web_field, minmay_lair_oklob_chamber,
          lemuel_fruit_tree, grunt_megastairs_3
Lair:3:   layout_roguey [special_room_bee], uniq_snorg, uniq_fannar
Lair:4:   layout_gridlike, serial_bayou_shore_b
Lair:5:   layout_concentric_octagons, gauntlet_entry_generic,
          infiniplex_staircase_pool, grunt_megastairs_2
Gauntlet: gammafunk_gauntlet_shortcut [gammafunk_gauntlet_arena_spirals,
          gammafunk_gauntlet_arena_corners, gammafunk_gauntlet_arena_crates,
          gammafunk_gauntlet_arena_mazey,
          gammafunk_gauntlet_arena_split_diamond, nicolae_gauntlet_arena_x,
          gauntlet_exit_watery]

Skill      XL: |  1  2  3  4  5  6  7  8  9 10 11 12 13 |
---------------+----------------------------------------+-----
Poison Magic   | 4 5 6 7 8 |  8.1
Short Blades   | 1 |  1.7
Spellcasting   | 3 5 8 |  8.0
Fighting       | 2 5 7 |  7.0
Stealth        | 9 10 | 10.2
Dodging        | 5 |  5.3
Fire Magic     | 4 10 | 10.1
Ice Magic      | 4 8 11 | 11.9
Air Magic      | 7 9 |  9.1
Transmutations | |  1.0

Action                   |  1- 3 |  4- 6 |  7- 9 | 10-12 | 13-15 || total
-------------------------+-------+-------+-------+-------+-------++-------
Melee: Unarmed           |     3 |       |       |       |       ||     3
       Tentacles         |    10 |    16 |    30 |    31 |    17 ||   104
       Dagger            |    47 |    64 |    58 |       |       ||   169
       Constrict         |    14 |    11 |    22 |    26 |     7 ||    80
       Falchion          |       |       |    70 |    87 |    24 ||   181
 Cast: Sting             |    34 |    59 |    71 |     5 |       ||   169
       Olgreb's Toxic Ra |       |     5 |    25 |   100 |    24 ||   154
       Poisonous Vapours |       |     4 |     8 |       |       ||    12
       Foxfire           |       |       |    29 |   183 |    16 ||   228
       Mephitic Cloud    |       |       |     1 |       |       ||     1
       Ignite Poison     |       |       |       |    48 |    26 ||    74
       Freezing Cloud    |       |       |       |    13 |    21 ||    34
       Airstrike         |       |       |       |       |     3 ||     3
Evoke: Wand              |       |       |     1 |     2 |     4 ||     7
  Use: Scroll            |       |       |       |     7 |       ||     7
       Potion            |       |       |       |       |     1 ||     1
 Stab: Sleeping          |     1 |     7 |     5 |     1 |       ||    14
       Confused          |       |       |     1 |       |       ||     1
       Distracted        |       |       |       |     1 |       ||     1
Armor: Skin              |     7 |    29 |    70 |    40 |    26 ||   172
Dodge: Dodged            |    36 |    64 |   149 |   202 |    97 ||   548
       Rpst.: Falchion   |       |       |    13 |    48 |    31 ||    92

Table legend: (Time is in decaauts)
 A = Elapsed time spent in this place.
 B = Non-inter-level travel time spent in this place.
 C = Inter-level travel time spent in this place.
 D = Time resting spent in this place.
 E = Time spent auto-exploring this place.
 F = Levels seen in this place.
 G = Mean time per level.
                   A        B        C        D        E       F      G
               +--------+--------+--------+--------+--------+-----+--------+
         Total |  19324 |  17923 |   1401 |    729 |  14109 |  19 | 1017.1 |
       Dungeon |  13516 |  12338 |   1178 |    315 |   9742 |  12 | 1126.3 |
        Temple |    214 |    187 |     27 |     13 |    170 |   1 |  214.0 |
          Lair |   5059 |   4863 |    196 |    288 |   3938 |   5 | 1011.8 |
      Gauntlet |    534 |    534 |      0 |    113 |    259 |   1 |  534.0 |
               +--------+--------+--------+--------+--------+-----+--------+

Top non-repeatable levels by time:
     D:3: 1652 daAuts
    D:11: 1641 daAuts
    D:10: 1633 daAuts
  Lair:2: 1536 daAuts
     D:6: 1529 daAuts
     D:5: 1396 daAuts
  Lair:3: 1255 daAuts
  Lair:1: 1195 daAuts
     D:9: 1172 daAuts
  Lair:4: 1052 daAuts
     D:2: 917 daAuts
     D:4: 906 daAuts
     D:7: 902 daAuts
     D:1: 858 daAuts
     D:8: 805 daAuts
